 Dungeon Crawl Stone Soup version 0.24-a0-317-g5cb8de4 (webtiles) character file.

Game seed: 8939379192547915302

4 kaychamo the Conjurer (level 1, -1/7 HPs)
             Began as a Felid Conjurer on May 16, 2019.
             Slain by a gnoll (8 damage)
             ... on level 1 of the Dungeon.
             The game lasted 00:01:01 (44 turns).

kaychamo the Conjurer (Felid Conjurer)                Turns: 44, Time: 00:01:01

Health: -1/7       AC:  1    Str:  4    XL:     1   Next: 50%
Magic:  4/4        EV: 18    Int: 16    God:
Gold:   0          SH:  0    Dex: 16    Spells: 3/4 levels left
                                        Lives:  0   Deaths: 0

rFire    . . .     SeeInvis +   (weapon unavailable)
rCold    . . .     Gourm    .   (shield unavailable)
rNeg     . . .     Faith    .   (armour unavailable)
rPois    .         Spirit   .   (helmet unavailable)
rElec    .         Reflect  .   (cloak unavailable)
rCorr    .         Harm     .   (gloves unavailable)
MR       .....                  (boots unavailable)
Stlth    +++.......             (no amulet)
HPRegen  0.02/turn              (no ring)
MPRegen  0.09/turn              (no ring)

@: quick
A: very small, no armour, no weapons or thrown items, stealth, claws 1, fangs 3,
see invisible, carnivore, speed 1, shaggy fur 1, slow metabolism 1, sharp paws
a: no special abilities


You were on level 1 of the Dungeon.
You were not hungry.

You visited 1 branch of the dungeon, and saw 1 of its levels.

Inventory:

Comestibles
 e - a ration {!d}


   Skills:
 + Level 2.8 Dodging
 + Level 2.8 Stealth
 + Level 2.0 Spellcasting
 + Level 3.6 Conjurations


You had 3 spell levels left.
You knew the following spells:

 Your Spells              Type           Power        Failure   Level  Hunger
a - Magic Dart            Conj           ##..         4%          1    #......

Your spell library contained the following spells:

 Spells                   Type           Power        Failure   Level  Hunger
 Searing Ray              Conj           ##....       7%          2    ###....
 Dazzling Spray           Conj/Hex       #.....       28%         3    ###....
 Iskenderun's Mystic Bla  Conj           ##......     41%         4    #####..
 Force Lance              Conj/Tloc      #.......     67%         4    #####..
 Fulminant Prism          Conj/Hex       #.........   67%         4    #####..


Dungeon Overview and Level Annotations

Branches:
Dungeon (1/15)

Altars:


Innate Abilities, Weirdness & Mutations

You cannot wear armour.
You are incapable of wielding weapons or throwing items.
Your paws allow you to move quietly. (Stealth)
You have sharp claws.
You have razor-sharp teeth.
You have supernaturally acute eyesight. (SInv)
You are carnivorous and can eat meat at any time.
You cover ground quickly.
You are covered in fur. (AC +1)
You have a slow metabolism.
Your sharp claws are effective at attacking unaware monsters.


Message History

e - a ration Welcome, kaychamo the Felid Conjurer.
Will you be the one to retrieve the fabulous Orb of Zot from the depths?
Found a staircase leading out of the dungeon.
As you open the door, it creaks loudly!
There is an open door here.
A goblin comes into view.
Found a hand axe.
A frilled lizard comes into view.
A bat comes into view.
Found a scroll labeled NARHUVEURO.
A goblin comes into view. It is wielding a +0 club.
Found a stone staircase leading down.
The goblin shouts!
You hear an angry hiss.
The goblin barely misses you.
You closely miss the goblin. The bat barely misses you.
The goblin completely misses you.
A gnoll comes into view.
You closely miss the bat. The bat completely misses you.
The goblin barely misses you.
The gnoll shouts!
You scratch the goblin.
You kill the goblin!
The bat barely misses you.
You scratch the goblin. You bite the goblin.
You kill the goblin!
The bat barely misses you.
You closely miss the frilled lizard. Your bite misses the frilled lizard.
The bat barely misses you. The bat closely misses you.
The frilled lizard closely misses you.
You scratch the bat. You bite the bat, but do no damage.
The bat barely misses you. The bat misses you.
The frilled lizard barely misses you.
You scratch the bat.
You kill the bat!
The frilled lizard barely misses you.
You scratch the gnoll but do no damage. The gnoll closely misses you.
The frilled lizard closely misses you.
You scratch the gnoll. The frilled lizard closely misses you.
The gnoll hits you!
Ouch! That really hurt!
You die...

###.### #.. ......
..## #..#.##...##
#..#.#.....#
###..#......>.
#.....#.......
#####.....l)......
#........†@.......
#.###.....#g......
#.###..........?..
#.....###.........
####.## ##........
##########.#
........
...........#
........
###########.#
#.##.### #..


You could see a gnoll and a frilled lizard.

Vanquished Creatures
  A bat (D:1)
  2 goblins (D:1)
3 creatures vanquished.

Notes
Turn   | Place    | Note
-------+----------+-------------------------------------------
     0 | D:1      | kaychamo the Felid Conjurer began the quest for the Orb.
     0 | D:1      | Reached XP level 1. HP: 7/7 MP: 4/4
    44 | D:1      | Slain by a gnoll

Levels and vault maps discovered:
D:1:      saegor_arrival_simple_b, layout_loops_ring

Action                   || total
-------------------------++-------
Melee: Unarmed           ||     9
       Bite              ||     2
Dodge: Dodged            ||    17

Table legend:
 A = Non-vault XP
 B = Vault XP
 C = Vault XP percentage of total XP
 D = Non-vault monster count
 E = Vault monster count
 F = Vault count percentage of total count
                 A         B        C        D         E       F
            +---------+---------+-------+---------+---------+-------
      Total |       6 |       0 |   0.0 |       3 |       0 |   0.0
            +---------+---------+-------+---------+---------+-------
        D:1 |       6 |       0 |   0.0 |       3 |       0 |   0.0
            +---------+---------+-------+---------+---------+-------
